 Dungeon Crawl Stone Soup version 0.20.1-1-g8b1a95d (webtiles) character file.

4711 letownia2 the Thaumaturge (level 10, -3/75 HPs)
             Began as a Deep Dwarf Necromancer on Nov 4, 2017.
             Was an Initiate of Gozag.
             Slain by a komodo dragon (26 damage)
             ... on level 8 of the Dungeon.
             The game lasted 00:31:58 (7956 turns).

letownia2 the Thaumaturge (Deep Dwarf Necromancer)  Turns: 7956, Time: 00:31:58

Health: -3/75      AC: 10    Str: 13    XL:     10   Next: 22%
Magic:  11/23      EV: 12    Int: 18    God:    Gozag
Gold:   945        SH:  0    Dex: 13    Spells: 23/27 levels left

rFire    . . .     SeeInvis .   a - +2 short sword (venom)
rCold    . . .     Gourm    +   (no shield)
rNeg     . . .     Faith    .   k - +3 leather armour {rPois}
rPois    +         Spirit   .   r - +1 helmet
rElec    .         Reflect  .   t - +0 cloak
rCorr    .         Harm     .   (no gloves)
MR       +....                  l - +0 pair of boots
Stlth    +++.......             I - amulet of the gourmand
Regen    0.0/turn               j - ring of wizardry
MPRegen  0.2/turn               E - ring of stealth

@: non-regenerating
A: damage resistance, heal wounds, sense surroundings 2, no regeneration
a: Heal Wounds, Potion Petition, Call Merchant, Bribe Branch, Renounce Religion


You were on level 8 of the Dungeon.
You worshipped Gozag.
Gozag was pleased with you.
You were not hungry.

You visited 2 branches of the dungeon, and saw 9 of its levels.
You also visited: Ossuary.

You collected 1582 gold pieces.
You paid 637 gold pieces to Gozag.

Inventory:

Hand Weapons
 a - a +2 short sword of venom (weapon)
 b - a +1 dagger of protection
 d - a +1 hunting sling of freezing
 v - a cursed -3 hand axe
 H - a +3 trident of protection
 T - a +0 battleaxe of venom
Missiles
 g - 11 tomahawks (quivered)
 x - 45 poisoned needles
Armour
 k - a +3 leather armour of poison resistance (worn)
 l - a +0 pair of boots (worn)
 q - a +0 scale mail
 r - a +1 helmet (worn)
 t - a +0 cloak (worn)
 z - a +0 ring mail
Jewellery
 j - a ring of wizardry (left hand)
 p - an uncursed ring of poison resistance
 E - a ring of stealth (right hand)
 F - an uncursed ring of flight
 I - an amulet of the gourmand (around neck)
 K - an uncursed ring of fire
Wands
 i - a wand of random effects (0/48)
 B - a wand of digging (4/24)
 D - a wand of disintegration (3/24)
 P - a wand of polymorph (16/24)
 X - a wand of confusion (25/48)
Scrolls
 m - a scroll of teleportation
 n - 3 scrolls of fear
 s - a scroll of acquirement {unknown}
 y - 3 scrolls of enchant armour
 G - 5 scrolls of recharging
 R - 4 scrolls of identify
 S - a scroll of immolation
 V - 2 scrolls of remove curse
 W - a scroll of fog
Potions
 e - a potion of cancellation
 f - a potion of resistance
 h - a potion of flight
 o - a potion of haste
 u - a potion of curing {unknown}
 A - a potion of might
 J - a potion of lignification {unknown}
 O - 2 potions of heal wounds {unknown}
 Q - 2 potions of mutation {unknown}
 U - a potion of invisibility {unknown}
Comestibles
 c - 5 bread rations
 w - 3 fruits


   Skills:
 - Level 2.1 Armour
 - Level 2.1 Dodging
 - Level 2.4 Stealth
 + Level 9.4 Spellcasting
 - Level 9.0 Necromancy
 - Level 9.1 Evocations


You had 23 spell levels left.
You knew the following spells:

 Your Spells              Type           Power        Failure   Level  Hunger
a - Pain                  Necr           ####         1%          1    None
v - Vampiric Draining     Necr           #####.....   1%          3    None


Dungeon Overview and Level Annotations

Branches:
Dungeon (8/15)             Temple (1/1) D:4
   Lair: D:8-11

Altars:
Ashenzari
Cheibriados
Dithmenos
Elyvilon
Fedhas
Gozag
Hepliaklqana
Kikubaaqudgha
Makhleb
Nemelex Xobeh
Okawaru
Qazlal
Ru
Sif Muna
Trog
Uskayaw
Vehumet
Xom
Yredelemnul
Zin
The Shining One

Shops:
D:6 (   D:7 !

Annotations:
D:4 dig, Minstaer's ghost, amateur DrTm


Innate Abilities, Weirdness & Mutations

You are resistant to damage.
You can heal yourself by infusing magical energy.
You passively map the area around you.
You do not regenerate.


Message History

A komodo dragon comes into view.
There are monsters nearby!
There are monsters nearby!
There are monsters nearby!
There are monsters nearby!
Things that are here:
a giant spiked club; a giant club You start resting.
Evoke which item? (* to show all) (? for menu, Esc to quit)
Aiming: Confuse
Press: ? - help, Shift-Dir - straight line, f - komodo dragon
Aim: a komodo dragon (hasn't noticed you, chance to defeat MR: 53%)
The komodo dragon hisses angrily.
The komodo dragon appears confused.
This wand has 25 charges left.
The komodo dragon bites itself!!
You barely miss the komodo dragon.
The komodo dragon is heavily wounded.
The komodo dragon bites you!!
You die...
Your body crumbles into a pile of gold.

#..# #) * *#######
##.###) , ........#
#..##. ........#
##.##. ,.O......#
#..#. * , ........#
##.#. , ........# #.#.
?.....[.##############
#... *
.........l@..))......#
##.. *,
.........###########.#
#.. , ........$#
#.#####. *,
,.....<...(. #......>
###..........*
##.....# *
#..........# #.....# *
, ....).......#
####### * **
############... , ,
### **


You could see a komodo dragon (confused).

Vanquished Creatures
  2 two-headed ogres (D:8)
  A hornet (D:7)
  2 wraiths (Ossuary)
  2 hungry ghosts (D:7)
  A black bear (D:7)
  An orc warrior (D:8)
  A sky beast (D:7)
  2 centaurs
  8 ogres
  Blork the orc (D:6)
  A bullfrog (D:6)
  3 scorpions
  4 electric eels (D:7)
  2 wights (Ossuary)
  A howler monkey (D:8)
  3 crimson imps
  4 hounds
  A jelly (D:8)
  4 orc priests
  A gnoll shaman (D:5)
  2 iguanas
  5 orc wizards
  Ijyb (D:4)
  8 worker ants
  A mummy (D:6)
  5 adders
  3 gnolls
  2 shadow imps (D:8)
  An ooze (D:4)
  An adder zombie (Ossuary)
  3 adder skeletons
  4 worms
  2 dart slugs (D:2)
  4 leopard geckos
  28 orcs
  8 bats
  10 giant cockroaches
  11 hobgoblins
  11 jackals
  2 quokkas
  A ball python (D:2)
  A ball python skeleton (Ossuary)
  3 frilled lizards
  6 goblins
  2 hobgoblin zombies (Ossuary)
  10 kobolds
  2 kobold zombies (Ossuary)
  4 orc zombies (Ossuary)
  2 quokka skeletons
  9 rats
197 creatures vanquished.

Vanquished Creatures (others)
  7 plants (D:8)
7 creatures vanquished.

Grand Total: 204 creatures vanquished

Notes
Turn   | Place    | Note
-------+----------+-------------------------------------------
     0 | D:1      | letownia2 the Deep Dwarf Necromancer began the quest for the Orb.
     0 | D:1      | Reached XP level 1. HP: 15/15 MP: 3/3
   221 | D:2      | Reached XP level 2. HP: 16/22 MP: 0/5
   397 | D:3      | Reached skill level 5 in Necromancy
   467 | D:4      | Noticed Minstaer's ghost (amateur DrTm)
   572 | D:3      | Reached XP level 3. HP: 20/28 MP: 3/6
   577 | D:3      | Learned a level 3 spell: Vampiric Draining
   850 | D:4      | Noticed an ice beast
   884 | D:4      | Reached XP level 4. HP: 32/36 MP: 2/7
   937 | D:4      | Noticed an ogre
   944 | D:4      | Killed an ogre
   944 | D:4      | Reached XP level 5. HP: 19/42 MP: 0/8
  1024 | D:4      | Found a staircase to the Ecumenical Temple.
  1073 | Temple   | Entered the Ecumenical Temple
  1138 | Temple   | Became a worshipper of Gozag Ym Sagoz the Greedy
  1858 | D:4      | Noticed a phantom
  2095 | D:2      | Found an iron altar of Okawaru.
  2190 | D:2      | Reached XP level 6. HP: 31/49 MP: 1/10
  2991 | D:4      | Reached skill level 1 in Armour
  3117 | D:4      | Noticed Ijyb
  3130 | D:4      | Killed Ijyb
  3513 | D:4      | Reached XP level 7. HP: 48/55 MP: 2/11
  3551 | D:5      | Entered Level 5 of the Dungeon
  4140 | D:6      | Noticed Blork the orc
  4144 | D:6      | Killed Blork the orc
  4144 | D:6      | Reached XP level 8. HP: 13/62 MP: 4/14
  4318 | D:6      | Reached skill level 5 in Spellcasting
  4421 | D:6      | Found a sand-covered staircase.
  4750 | Ossuary  | Entered an ossuary
  4916 | Ossuary  | Noticed a flying skull
  4922 | Ossuary  | Noticed a flying skull
  4938 | Ossuary  | Reached skill level 5 in Evocations
  4956 | Ossuary  | Noticed a flying skull
  4960 | Ossuary  | Noticed a flying skull
  4982 | Ossuary  | Noticed a flying skull
  6147 | D:7      | Noticed a hornet
  6154 | D:7      | Killed a hornet
  6154 | D:7      | Gained mutation: You passively map the area around you. [Deep Dwarf growth]
  6154 | D:7      | Reached XP level 9. HP: 53/68 MP: 17/17
  6409 | D:7      | Found Nyosolar's Distillery.
  7567 | D:8      | Noticed a two-headed ogre
  7770 | D:8      | Noticed a two-headed ogre
  7800 | D:8      | Killed a two-headed ogre
  7800 | D:8      | Reached XP level 10. HP: 54/75 MP: 8/22
  7898 | D:8      | Killed a two-headed ogre
  7956 | D:8      | Slain by a komodo dragon

Skill      XL: |  1  2  3  4  5  6  7  8  9 10 |
---------------+-------------------------------+-----
Spellcasting   | 2 3 4 5 8 9 |  9.4
Necromancy     | 5 6 7 9 |  9.0
Armour         | 2 |  2.1
Evocations     | 2 9 |  9.1
Dodging        | |  2.1
Stealth        | |  2.4

Action                   |  1- 3 |  4- 6 |  7- 9 | 10-12 || total
-------------------------+-------+-------+-------+-------++-------
Melee: Unarmed           |    14 |       |       |       ||    14
       Dagger            |       |    22 |   104 |       ||   126
       Short sword       |       |       |   144 |    12 ||   156
       Flail             |       |       |    13 |       ||    13
Throw: Tomahawk          |     1 |    13 |    14 |     1 ||    29
 Cast: Pain              |    36 |   141 |    31 |     8 ||   216
       Vampiric Draining |     3 |     8 |    82 |     7 ||   100
Invok: Call Merchant     |       |       |     1 |       ||     1
Evoke: Wand              |       |       |    42 |     1 ||    43
  Use: Scroll            |       |     1 |    19 |       ||    20
 Stab: Sleeping          |       |     1 |     2 |       ||     3
       Paralysed         |       |       |     3 |       ||     3
  Eat: Chunk             |     1 |     1 |       |       ||     2
       Meat ration       |       |     1 |     1 |       ||     2
       Royal jelly       |       |     1 |     2 |       ||     3
       Fruit             |       |       |     9 |       ||     9
       Bread ration      |       |       |     1 |       ||     1
Armor: Robe              |     3 |       |       |       ||     3
       Leather armour    |     7 |    13 |   163 |     2 ||   185
       Ring mail         |       |     5 |       |       ||     5
Dodge: Dodged            |    27 |    33 |   219 |    11 ||   290
